[Event "ICCopen2016"]
[Site "Internet Chess Club"]
[Date "2016.06.03"]
[Round "4"]
[White "depressnyak"]
[Black "SPARNALIQ"]
[Result "1-0"]
[ICCResult "Black resigns"]
[WhiteElo "3211"]
[BlackElo "2890"]
[Opening "Giuoco Pianissimo"]
[ECO "C55"]
[NIC "IG.01"]
[Time "19:33:22"]
[TimeControl "180+0"]

1. e4 e5 2. Nf3 Nc6 3. Bc4 Nf6 4. d3 Bc5 5. O-O O-O 6. c3 d6 7. a4 a6 8. Na3
Ba7 9. Nc2 Be6 10. Bxe6 fxe6 11. Be3 Qe8 12. b4 Qg6 13. Bxa7 Nxa7 14. Ne3
Nc6 15. Kh1 Kh8 16. Qe2 Nh5 17. g3 Ne7 18. Nh4 Qg5 19. Nhg2 Nf6 20. b5 Qh6
21. b6 cxb6 22. Nc4 Nc8 23. Rab1 Nd7 24. f4 exf4 25. Nxf4 Re8 26. d4 Qg5 27.
Nd2 Qa5 28. e5 dxe5 29. Nc4 Qxa4 30. Nxe5 Nxe5 31. Qxe5 Qc6+ 32. Kg1 Nd6 33.
Nxe6 Qd7 34. d5 b5 35. Rf4 Nc4 36. Qd4 Re7 37. Rbf1 Rg8 38. Rf8 h6 39. Rxg8+
Kxg8 40. Rf8+ Kh7 41. Rd8 {Black resigns} 1-0

[Event "ICCopen2016"]
[Site "Internet Chess Club"]
[Date "2016.06.03"]
[Round "4"]
[White "chigamaster"]
[Black "Bubacik"]
[Result "1-0"]
[ICCResult "Black forfeits on time"]
[WhiteElo "2961"]
[BlackElo "2663"]
[Opening "French: Tarrasch, closed variation, main line"]
[ECO "C06"]
[NIC "FR.17"]
[Time "19:33:20"]
[TimeControl "180+0"]

1. e4 e6 2. d4 d5 3. Nd2 Nf6 4. e5 Nfd7 5. Bd3 c5 6. c3 Nc6 7. Ne2 cxd4 8.
cxd4 f6 9. exf6 Qxf6 10. O-O Bd6 11. Nf3 O-O 12. Ng3 e5 13. dxe5 Ndxe5 14.
Be2 d4 15. Ne4 Qg6 16. Nxd6 Qxd6 17. Nxe5 Nxe5 18. f4 Ng6 19. Bc4+ Kh8 20.
Qd2 Bf5 21. b3 d3 22. Bb2 b5 23. Qc3 Rf6 24. Bxd3 Bxd3 25. Rf3 Be4 26. Rf2
Rg8 27. Qe3 Rxf4 28. h3 Rxf2 29. Qxf2 Qf4 30. Re1 Qxf2+ 31. Kxf2 Bf5 32. Rc1
h6 33. Rc7 a6 34. Rc5 Bb1 35. a3 Rf8+ 36. Kg3 Kh7 37. Rc7 Rg8 38. Ra7 Bc2
39. b4 h5 40. Rxa6 h4+ 41. Kf3 Rf8+ 42. Ke3 Re8+ 43. Kf2 Be4 44. Ra7 Rf8+
45. Ke3 Bxg2 46. Rxg7+ Kh6 47. Rc7 Re8+ 48. Kf2 Bxh3 49. Rc5 Nf4 50. Bc1 Rf8
51. Kf3 Bg2+ 52. Kg4 h3 53. Rh5+ Kg6 54. Rg5+ Kh6 55. Rh5+ Kg7 56. Rg5+ Kf6
57. Bxf4 Rh8 58. Be5+ Ke6 59. Bxh8 h2 60. Re5+ Kd6 61. Rh5 h1=Q 62. Be5+ Kd5
63. Rxh1 Bxh1 64. Kf4 Be4 65. Bg7 Bd3 66. Bf8 Bc2 67. Bc5 Ba4 68. Ke3 Kc4
69. Kd2 Kb3 70. Ke3 Kxa3 71. Kf4 Kb3 72. Ke3 Kc4 73. Kf4 Kd5 74. Kg5 Kc4 75.
Kf4 Kd5 76. Kg3 Kc6 77. Kh4 Bb3 78. Kg5 Ba2 79. Kh6 Bb3 80. Kg5 Bc2 81. Kh4
Bd1 82. Kg5 Bc2 83. Kh6 Bd1 84. Kg5 Kd5 85. Kh6 Ke6 86. Kg5 Kf7 87. Kh6 Bc2
88. Kg5 Ke6 89. Kh4 Kf5 90. Kg3 Ke4 91. Kf2 Kf5 92. Ke1 Ke4 93. Kd2 Bb3 94.
Kc3 Bc4 95. Kb2 Bd5 96. Kc3 Bc4 97. Kb2 Bd5 98. Kc1 Bc4 99. Kd1 Bd5 100. Ke1
Bc4 101. Kf2 Bd5 102. Kg1 Bc4 103. Kh2 Bd5 104. Kh3 Bc4 105. Kh4 Bd5 106.
Kh5 Bc4 107. Kh6 Bd3 108. Kg7 Bc4 109. Kh8 Kd3 110. Kh7 Kd2 111. Kh6 Kc2
112. Kg5 Kb3 113. Kh4 Ka3 114. Kg3 Ka4 115. Kh3 {Black forfeits on time} 1-0

[Event "ICCopen2016"]
[Site "Internet Chess Club"]
[Date "2016.06.03"]
[Round "5"]
[White "Yedixon"]
[Black "rookfish"]
[Result "0-1"]
[ICCResult "White resigns"]
[WhiteElo "1235"]
[BlackElo "1082"]
[Opening "Bird's opening"]
[ECO "A03"]
[NIC "VO.07"]
[Time "19:43:02"]
[TimeControl "180+0"]

1. f4 d5 2. Nf3 Bf5 3. d3 e6 4. e4 Bg6 5. Be2 Nd7 6. exd5 exd5 7. O-O Be7 8.
Re1 Ngf6 9. Nbd2 Bc5+ 10. Kh1 Ng4 11. d4 Nf2+ {White resigns} 0-1

[Event "ICCopen2016"]
[Site "Internet Chess Club"]
[Date "2016.06.03"]
[Round "5"]
[White "ebochess"]
[Black "Cramagica"]
[Result "1-0"]
[ICCResult "Black checkmated"]
[WhiteElo "1415"]
[BlackElo "1203"]
[Opening "Dutch"]
[ECO "A80"]
[NIC "HD.12"]
[Time "19:42:54"]
[TimeControl "180+0"]

1. d4 f5 2. Nf3 Nf6 3. Bg5 e6 4. Nc3 d5 5. e3 h6 6. Bh4 Bd6 7. Nb5 c6 8.
Nxd6+ Qxd6 9. Ne5 Ne4 10. Qh5+ Kf8 11. Qf7# {Black checkmated} 1-0

[Event "ICCopen2016"]
[Site "Internet Chess Club"]
[Date "2016.06.03"]
[Round "5"]
[White "carpedef"]
[Black "Parsifal"]
[Result "0-1"]
[ICCResult "White resigns"]
[WhiteElo "1833"]
[BlackElo "2352"]
[Opening "Robatsch (modern) defense"]
[ECO "B07"]
[NIC "VO.17"]
[Time "19:42:32"]
[TimeControl "180+0"]

1. e4 d6 2. d4 g6 3. Nc3 Bg7 4. f3 Nc6 5. Be3 Nf6 6. Qd2 O-O 7. Bc4 e5 8. d5
Nd4 9. Bxd4 exd4 10. Qxd4 Nxe4 11. Qd3 Qh4+ 12. g3 Nxg3 13. O-O-O Nxh1 14.
Nge2 Nf2 {White resigns} 0-1

[Event "ICCopen2016"]
[Site "Internet Chess Club"]
[Date "2016.06.03"]
[Round "5"]
[White "BlitzorDDD"]
[Black "DetectiveStark"]
[Result "1-0"]
[ICCResult "Black resigns"]
[WhiteElo "2953"]
[BlackElo "2457"]
[Opening "English opening"]
[ECO "A13"]
[NIC "EO.64"]
[Time "19:43:14"]
[TimeControl "180+0"]

1. c4 e6 2. Nc3 Bb4 3. e4 e5 4. g3 Nf6 5. Bg2 O-O 6. Nge2 d6 7. O-O Nc6 8.
d3 a6 9. h3 Bc5 10. Kh1 Ne8 11. f4 f6 12. g4 Nd4 13. f5 c6 14. h4 Nc7 15. g5
Kh8 16. Ng3 b5 17. g6 b4 18. Qh5 {Black resigns} 1-0

[Event "ICCopen2016"]
[Site "Internet Chess Club"]
[Date "2016.06.03"]
[Round "5"]
[White "tangent"]
[Black "fledermaus"]
[Result "1-0"]
[ICCResult "Black resigns"]
[WhiteElo "1968"]
[BlackElo "1636"]
[Opening "Queen's gambit declined"]
[ECO "D30"]
[NIC "QP.08"]
[Time "19:42:41"]
[TimeControl "180+0"]

1. d4 d5 2. c4 e6 3. Nf3 Nf6 4. g3 c6 5. Qc2 Bb4+ 6. Bd2 Be7 7. Bg2 O-O 8.
O-O Nbd7 9. Rd1 b6 10. Bf4 Bb7 11. Nc3 Rc8 12. e4 dxe4 13. Ng5 Nh5 14. Ncxe4
Nxf4 15. gxf4 Nf6 16. Nxf6+ {Black resigns} 1-0

[Event "ICCopen2016"]
[Site "Internet Chess Club"]
[Date "2016.06.03"]
[Round "5"]
[White "Oblique"]
[Black "afgano45"]
[Result "0-1"]
[ICCResult "White resigns"]
[WhiteElo "1690"]
[BlackElo "1767"]
[Opening "Trompowsky attack (Ruth, Opocenský opening)"]
[ECO "A45"]
[NIC "QP.07"]
[Time "19:43:26"]
[TimeControl "180+0"]

1. d4 Nf6 2. Bg5 e6 3. e3 h6 4. Bh4 b6 5. Nf3 Bb7 6. Bd3 c5 7. c3 Be7 8.
Nbd2 cxd4 9. exd4 Nd5 10. Bxe7 Qxe7 11. O-O O-O 12. Rc1 Nf4 13. Bb1 d6 14.
Re1 Nd7 15. Nb3 Qf6 16. Qd2 Bxf3 17. gxf3 Qg5+ {White resigns} 0-1

[Event "ICCopen2016"]
[Site "Internet Chess Club"]
[Date "2016.06.03"]
[Round "5"]
[White "NoPrep"]
[Black "ALexiz"]
[Result "1-0"]
[ICCResult "Black checkmated"]
[WhiteElo "2223"]
[BlackElo "1836"]
[Opening "Dutch, 2.Bg5 variation"]
[ECO "A80"]
[NIC "HD.12"]
[Time "19:42:40"]
[TimeControl "180+0"]

1. d4 f5 2. Bg5 g6 3. e3 Bg7 4. Bc4 e6 5. Nc3 Nf6 6. Nf3 d5 7. Be2 O-O 8.
Ne5 Qe8 9. h4 h5 10. Nb5 Na6 11. a3 Ne4 12. Bf4 c6 13. Nc3 Nxc3 14. bxc3 Qd8
15. c4 Qa5+ 16. Kf1 Kh7 17. cxd5 cxd5 18. Nxg6 Kxg6 19. Bxh5+ Kh7 20. Be8
Kg8 21. Bg6 Qc3 22. Qh5 Rf6 23. Qh7+ Kf8 24. Bd6# {Black checkmated} 1-0

[Event "ICCopen2016"]
[Site "Internet Chess Club"]
[Date "2016.06.03"]
[Round "5"]
[White "daviv52"]
[Black "Kiketf"]
[Result "0-1"]
[ICCResult "White resigns"]
[WhiteElo "2115"]
[BlackElo "2548"]
[Opening "Sicilian: Kan, 5.Nc3"]
[ECO "B43"]
[NIC "SI.41"]
[Time "19:42:30"]
[TimeControl "180+0"]

1. e4 c5 2. Nf3 e6 3. d4 cxd4 4. Nxd4 a6 5. Nc3 Qc7 6. Be2 Nf6 7. a3 Nc6 8.
Be3 Be7 9. O-O O-O 10. f4 d6 11. Qe1 Bd7 12. Qg3 Nxd4 13. Bxd4 Bc6 14. e5
dxe5 15. Bxe5 Qb6+ 16. Kh1 Rfd8 17. Bd3 Ne8 18. Ne4 f6 19. Bc3 Rac8 20. Rae1
Bb5 21. Bxb5 Qxb5 22. f5 exf5 23. Nxf6+ Bxf6 {White resigns} 0-1

[Event "ICCopen2016"]
[Site "Internet Chess Club"]
[Date "2016.06.03"]
[Round "5"]
[White "whiteshark"]
[Black "chessrex"]
[Result "1-0"]
[ICCResult "Black checkmated"]
[WhiteElo "2622"]
[BlackElo "1884"]
[Opening "QP counter-gambit (elephant gambit)"]
[ECO "C40"]
[NIC "KP.10"]
[Time "19:42:51"]
[TimeControl "180+0"]

1. e4 e5 2. Nf3 d5 3. Nc3 d4 4. Ne2 Bd6 5. c3 c5 6. b4 b6 7. bxc5 bxc5 8.
Ng3 Nf6 9. cxd4 cxd4 10. Bc4 O-O 11. O-O Bb7 12. d3 Bc6 13. Bg5 h6 14. Bd2
Nbd7 15. Nf5 Qc7 16. Rc1 Qb7 17. Nxd6 Qb8 18. Nf5 Kh7 19. N3h4 Nb6 20. Bb3
Qd8 21. Rxc6 a5 22. Qf3 a4 23. Qg3 Rg8 24. Bxf7 Qd7 25. Qg6+ Kh8 26. Rxf6
gxf6 27. Qxh6# {Black checkmated} 1-0

[Event "ICCopen2016"]
[Site "Internet Chess Club"]
[Date "2016.06.03"]
[Round "5"]
[White "RobbieWilliams"]
[Black "zelog"]
[Result "1-0"]
[ICCResult "Black resigns"]
[WhiteElo "1784"]
[BlackElo "2188"]
[Opening "Queen's pawn game"]
[ECO "A45"]
[NIC "QP.07"]
[Time "19:42:33"]
[TimeControl "180+0"]

1. d4 Nf6 2. e3 c5 3. c3 g6 4. Bd3 Bg7 5. f4 O-O 6. Nd2 d5 7. Ngf3 Nc6 8.
O-O Bg4 9. Qe1 Bxf3 10. Nxf3 Ne4 11. Ne5 f5 12. h3 Nxe5 13. fxe5 e6 14. Rf3
c4 15. Bc2 Qg5 16. Kh2 h5 17. Qe2 Kh7 18. Bxe4 fxe4 19. Rf4 Rxf4 20. exf4
Qf5 21. Be3 Rf8 22. Rf1 Bh6 23. g3 g5 24. Qxh5 Qg6 25. Qg4 gxf4 26. Qxg6+
Kxg6 27. gxf4 Kf5 28. Rf2 Rg8 29. b3 b5 30. Bd2 a5 31. Be3 a4 32. b4 Rg1 33.
Kxg1 {Black resigns} 1-0

[Event "ICCopen2016"]
[Site "Internet Chess Club"]
[Date "2016.06.03"]
[Round "5"]
[White "papko"]
[Black "chessdad"]
[Result "1-0"]
[ICCResult "Black resigns"]
[WhiteElo "1520"]
[BlackElo "1224"]
[Opening "Sicilian: closed"]
[ECO "B23"]
[NIC "SI.44"]
[Time "19:42:17"]
[TimeControl "180+0"]

1. e4 c5 2. Nc3 d6 3. Nf3 g6 4. Bc4 Bg7 5. d3 Nf6 6. Bg5 Nc6 7. Qe2 Na5 8.
O-O-O Nxc4 9. dxc4 O-O 10. e5 Ng4 11. exd6 Qa5 12. dxe7 Re8 13. Rd8 Be6 14.
Rxa8 Rxa8 15. Rd1 Re8 16. Rd8 f6 17. Rxe8+ Kf7 18. Rh8 Bd7 19. Rxh7 fxg5 20.
Nxg5+ Kf6 21. h4 Be8 22. Qxg4 Qc7 23. Nd5+ {Black resigns} 1-0

[Event "ICCopen2016"]
[Site "Internet Chess Club"]
[Date "2016.06.03"]
[Round "5"]
[White "jncool68"]
[Black "DoctorWho"]
[Result "1-0"]
[ICCResult "Black resigns"]
[WhiteElo "2889"]
[BlackElo "2034"]
[Opening "French: Paulsen variation"]
[ECO "C10"]
[NIC "FR.04"]
[Time "19:42:30"]
[TimeControl "180+0"]

1. e4 e6 2. d4 d5 3. Nc3 Nc6 4. Nf3 Nf6 5. e5 Ne4 6. Ne2 Bd7 7. Ng3 f5 8.
exf6 Qxf6 9. Bd3 Nd6 10. Bg5 Qf7 11. O-O Be7 12. Re1 O-O 13. Bxe7 Qxe7 14.
c3 Be8 15. Qc2 h6 16. Re2 Bf7 17. Rae1 Rae8 18. Ne5 Nxe5 19. Rxe5 Qf6 20.
R1e3 g5 21. Rf3 Qg7 22. h3 Re7 23. b3 Be8 24. Rfe3 Rf6 25. c4 dxc4 26. bxc4
Nf7 27. Nf5 Nxe5 28. Nxg7 Nxd3 29. Nxe8 {Black resigns} 1-0

[Event "ICCopen2016"]
[Site "Internet Chess Club"]
[Date "2016.06.03"]
[Round "5"]
[White "FlashGordon"]
[Black "RJoseph12"]
[Result "1-0"]
[ICCResult "Black resigns"]
[WhiteElo "1471"]
[BlackElo "1245"]
[Opening "Scotch gambit"]
[ECO "C21"]
[NIC "KP.04"]
[Time "19:43:34"]
[TimeControl "180+0"]

1. e4 e5 2. d4 exd4 3. Bc4 Nc6 4. Nf3 Bc5 5. c3 dxc3 6. Bxf7+ Kxf7 7. Qd5+
Ke8 8. Qh5+ g6 9. Qxc5 cxb2 10. Bxb2 d6 11. Qc4 Nf6 12. Nc3 Be6 13. Qxe6+
{Black resigns}
1-0

[Event "ICCopen2016"]
[Site "Internet Chess Club"]
[Date "2016.06.03"]
[Round "5"]
[White "DEHO"]
[Black "Mad-Cobra"]
[Result "1-0"]
[ICCResult "Black resigns"]
[WhiteElo "2204"]
[BlackElo "1856"]
[Opening "QGD: exchange, positional line"]
[ECO "D35"]
[NIC "QO.16"]
[Time "19:42:29"]
[TimeControl "180+0"]

1. d4 d5 2. c4 e6 3. Nc3 Nf6 4. cxd5 exd5 5. Bg5 Be7 6. e3 c6 7. Bd3 h6 8.
Bh4 Be6 9. Qc2 a6 10. Nf3 b5 11. O-O Nbd7 12. Rac1 Rc8 13. Rfd1 Nb6 14. Ne5
Nbd7 15. f4 Ng8 16. Bf2 Ngf6 17. f5 Nxe5 18. dxe5 Ne4 19. fxe6 Nxf2 20.
exf7+ Kxf7 21. Qxf2+ Kg8 22. Rf1 Qe8 23. Nxd5 h5 24. Bg6 Qf8 25. Bf7+ Kh7
26. Qf5+ {Black resigns} 1-0

[Event "ICCopen2016"]
[Site "Internet Chess Club"]
[Date "2016.06.03"]
[Round "5"]
[White "Chess64"]
[Black "kvicc"]
[Result "0-1"]
[ICCResult "White checkmated"]
[WhiteElo "1747"]
[BlackElo "2211"]
[Opening "Queen's pawn game"]
[ECO "A46"]
[NIC "QP.05"]
[Time "19:42:31"]
[TimeControl "180+0"]

1. d4 Nf6 2. Nf3 e6 3. Bf4 d5 4. e3 c6 5. c3 Nbd7 6. h3 Be7 7. Bd3 a5 8.
Nbd2 a4 9. a3 b5 10. O-O Nb6 11. Ne5 Bb7 12. Bh2 Nc4 13. Ndxc4 bxc4 14. Bc2
Qa5 15. f3 c5 16. e4 cxd4 17. cxd4 dxe4 18. fxe4 Qb5 19. Qe2 Rc8 20. Qd1 O-O
21. Bxa4 Qa5 22. Bc2 Bxe4 23. Bxe4 Nxe4 24. Nd7 Rfd8 25. Qf3 Nf6 26. Ne5 Qb6
27. Kh1 Qxd4 28. Rad1 Qxb2 29. Rxd8+ Rxd8 30. Nc6 Re8 31. Nxe7+ Rxe7 32.
Qa8+ Re8 33. Qc6 Rf8 34. Qxc4 Nd5 35. Bd6 Ne3 36. Qc5 Qxg2# {White
checkmated} 0-1

[Event "ICCopen2016"]
[Site "Internet Chess Club"]
[Date "2016.06.03"]
[Round "5"]
[White "jonesey"]
[Black "BitsofKoin"]
[Result "0-1"]
[ICCResult "White resigns"]
[WhiteElo "1843"]
[BlackElo "2320"]
[Opening "Scandinavian: Marshall variation"]
[ECO "B01"]
[NIC "SD.03"]
[Time "19:43:13"]
[TimeControl "180+0"]

1. e4 d5 2. exd5 Nf6 3. d4 Nxd5 4. Nf3 g6 5. c4 Nb6 6. Bd3 Bg7 7. Be3 O-O 8.
O-O Nc6 9. Be2 Bg4 10. Nc3 Bxf3 11. Bxf3 Nxd4 12. Bxb7 Rb8 13. Ba6 c5 14.
Qd2 Re8 15. Rad1 e5 16. Nb5 Nxc4 17. Qc1 Nd6 18. Qxc5 N6xb5 {White resigns}
0-1

[Event "ICCopen2016"]
[Site "Internet Chess Club"]
[Date "2016.06.03"]
[Round "5"]
[White "padmanandhini"]
[Black "Mandragora"]
[Result "0-1"]
[ICCResult "White checkmated"]
[WhiteElo "1427"]
[BlackElo "1582"]
[Opening "Giuoco Pianissimo: Italian four knights variation"]
[ECO "C47"]
[NIC "KP.06"]
[Time "19:42:24"]
[TimeControl "180+0"]

1. e4 e5 2. Nf3 Nc6 3. Nc3 Nf6 4. Bc4 Bc5 5. d3 h6 6. h3 d6 7. a3 a6 8. O-O
b5 9. Ba2 O-O 10. b4 Bd4 11. Nxd4 Nxd4 12. Be3 c5 13. bxc5 dxc5 14. Qc1 Kh7
15. Bxd4 exd4 16. Ne2 c4 17. dxc4 bxc4 18. Bxc4 Nxe4 19. Bd3 f5 20. Bxe4
fxe4 21. Qb1 Bf5 22. c3 d3 23. Nc1 Qg5 24. Nb3 Bxh3 25. g3 Bxf1 26. Qxf1
Rab8 27. Na5 Rb2 28. Qe1 Re2 29. Qb1 Rexf2 30. Qc1 Qxg3+ 31. Kh1 Qh2#
{White checkmated}
0-1

[Event "ICCopen2016"]
[Site "Internet Chess Club"]
[Date "2016.06.03"]
[Round "5"]
[White "Ajolote"]
[Black "klodshans"]
[Result "1-0"]
[ICCResult "Black checkmated"]
[WhiteElo "1456"]
[BlackElo "1586"]
[Opening "French: exchange variation"]
[ECO "C01"]
[NIC "FR.01"]
[Time "19:42:19"]
[TimeControl "180+0"]

1. e4 e6 2. d4 d5 3. exd5 exd5 4. Nc3 Bd6 5. Nxd5 Ne7 6. Nxe7 Qxe7+ 7. Be2
Nc6 8. Nf3 Bg4 9. O-O Bxf3 10. Bxf3 O-O-O 11. Bxc6 bxc6 12. Be3 Qh4 13. h3
g5 14. Qf3 h5 15. Qxc6 g4 16. Qe4 Rde8 17. Qf5+ Kb8 18. Qb5+ Kc8 19. Bg5
Qxh3 20. gxh3 gxh3 21. Rae1 Reg8 22. f4 f6 23. Qf5+ Kb8 24. Qxf6 h4 25. Qf5
Rh5 26. Qxh3 Rgxg5+ 27. fxg5 Rxg5+ 28. Kh1 Bg3 29. Rf8+ Kb7 30. Qg2+ Ka6 31.
Rf6+ Ka5 32. Qd2+ Kb5 33. a4+ Kc4 34. b3+ Kd5 35. Qa5+ c5 36. Qxc5#
{Black checkmated}
1-0

[Event "ICCopen2016"]
[Site "Internet Chess Club"]
[Date "2016.06.03"]
[Round "5"]
[White "blitzmaniac"]
[Black "El-Kaiser"]
[Result "1-0"]
[ICCResult "Black resigns"]
[WhiteElo "2916"]
[BlackElo "2379"]
[Opening "Nimzovich-Larsen attack: classical variation"]
[ECO "A01"]
[NIC "VO.08"]
[Time "19:42:25"]
[TimeControl "180+0"]

1. b3 d5 2. Bb2 Nf6 3. e3 Bf5 4. Nf3 e6 5. Be2 Nbd7 6. O-O h6 7. c4 Bd6 8.
cxd5 exd5 9. d3 O-O 10. a3 Re8 11. Nbd2 Qe7 12. Re1 Ne5 13. Nxe5 Bxe5 14.
Bxe5 Qxe5 15. Qc2 c6 16. Nf3 Qd6 17. b4 a5 18. Qb2 axb4 19. axb4 Nd7 20. Bf1
Nb6 21. Nd4 Bg6 22. Ra5 Reb8 23. Rea1 f6 24. Qc3 Rxa5 25. bxa5 Nd7 26. a6
bxa6 27. Qxc6 Qxc6 28. Nxc6 Rb6 29. Ne7+ Kf7 30. Nxd5 Rd6 31. Nf4 Nc5 32.
Nxg6 Kxg6 33. d4 Nb3 34. Rxa6 Rd7 35. Bd3+ Kh5 36. g3 Rc7 37. Kg2 Nc1 38.
Be4 Re7 39. Ra5+ g5 40. Bf5 Ne2 41. h4 Rc7 42. g4+ Kxh4 43. Ra1 Rc1 44. Ra6
h5 45. Rxf6 Rg1+ 46. Kf3 Nc3 47. Rh6 {Black resigns} 1-0

[Event "ICCopen2016"]
[Site "Internet Chess Club"]
[Date "2016.06.03"]
[Round "5"]
[White "doodlestoo"]
[Black "manneredmonkey"]
[Result "0-1"]
[ICCResult "White checkmated"]
[WhiteElo "1403"]
[BlackElo "1602"]
[Opening "Pirc: Holmov system"]
[ECO "B07"]
[NIC "PU.07"]
[Time "19:43:24"]
[TimeControl "180+0"]

1. e4 d6 2. d4 Nf6 3. Nc3 g6 4. Bc4 Bg7 5. Qe2 c6 6. e5 dxe5 7. dxe5 Nd5 8.
Nxd5 cxd5 9. Bb3 Nc6 10. Bg5 h6 11. Bh4 Nxe5 12. O-O-O Be6 13. f4 Nc6 14.
Nf3 O-O 15. Ne5 Nxe5 16. fxe5 Qc7 17. Bg3 Rfc8 18. Rhe1 a5 19. c3 a4 20. Bc2
a3 21. b3 Qxc3 22. Rd3 Qb2+ 23. Kd2 Rc3 24. Rc1 d4 25. Rxd4 Rxc2+ 26. Rxc2
Qxd4+ 27. Qd3 Qxd3+ 28. Kxd3 Rd8+ 29. Ke3 Bf5 30. Rc7 Rd3+ 31. Kf4 e6 32. h4
g5+ 33. hxg5 hxg5+ 34. Kxg5 Rxg3+ 35. Kh4 Rg4+ 36. Kh5 Bxe5 37. Rxb7 Rxg2
38. Kh4 Bf6+ 39. Kh5 Rh2# {White checkmated} 0-1

[Event "ICCopen2016"]
[Site "Internet Chess Club"]
[Date "2016.06.03"]
[Round "5"]
[White "faust"]
[Black "chigamaster"]
[Result "1-0"]
[ICCResult "Black resigns"]
[WhiteElo "3238"]
[BlackElo "2955"]
[Opening "Caro-Kann: advance variation"]
[ECO "B12"]
[NIC "CK.02"]
[Time "19:42:53"]
[TimeControl "180+0"]

1. e4 c6 2. d4 d5 3. e5 c5 4. dxc5 Nc6 5. a3 Nxe5 6. b4 g6 7. Bb2 Bg7 8.
Bb5+ Kf8 9. Nc3 a6 10. Be2 Nf6 11. Nf3 Nc6 12. O-O Bf5 13. Na4 Qc7 14. c4
Rd8 15. cxd5 Nxd5 16. Qc1 Nf4 17. Re1 Bxb2 18. Qxb2 e5 19. Nb6 f6 20. Nc4
Nxe2+ 21. Qxe2 Bd3 22. Qa2 Bxc4 23. Qxc4 Qf7 24. Qc3 Kg7 25. a4 Nd4 26. Nxd4
Rxd4 27. b5 axb5 28. axb5 Rc8 29. Rec1 Qd5 30. h3 h5 31. Rab1 g5 32. c6 bxc6
33. bxc6 Rxc6 34. Rb7+ Kg6 35. Qxc6 Rd1+ 36. Kh2 {Black resigns} 1-0

[Event "ICCopen2016"]
[Site "Internet Chess Club"]
[Date "2016.06.03"]
[Round "5"]
[White "JUGGERNOT"]
[Black "x22"]
[Result "0-1"]
[ICCResult "White resigns"]
[WhiteElo "1841"]
[BlackElo "2410"]
[Opening "Bird's opening"]
[ECO "A03"]
[NIC "VO.07"]
[Time "19:42:58"]
[TimeControl "180+0"]

1. f4 d5 2. Nf3 e5 3. e3 e4 4. Nd4 c5 5. Nb3 a5 6. d3 a4 7. N3d2 f5 8. Be2
d4 9. exd4 e3 10. Nf3 cxd4 11. O-O Bd6 12. g3 Nc6 13. c3 Bc5 14. cxd4 Nxd4
15. Nxd4 Bxd4 16. Nc3 Nf6 17. Kh1 a3 18. Bf3 O-O 19. Qe2 Kh8 20. Qg2 Ng4 21.
Bxg4 fxg4 22. Re1 Bf5 23. Bxe3 axb2 24. Bxd4 bxa1=Q 25. Bxg7+ Kxg7 26. Rxa1
Qxd3 27. Qxb7+ Kh8 28. Qb2 Rab8 29. Nb5+ Kg8 30. a4 Be4+ 31. Kg1 Qe3+ 32.
Kf1 Bd3+ 33. Kg2 Qf3+ 34. Kg1 Be4 35. Ra2 Qh1+ 36. Kf2 Qg2+ 37. Ke3 Qf3+ 38.
Kd4 Qd3+ 39. Kc5 Rfc8+ {White resigns} 0-1

[Event "ICCopen2016"]
[Site "Internet Chess Club"]
[Date "2016.06.03"]
[Round "5"]
[White "lion100"]
[Black "jps7"]
[Result "1-0"]
[ICCResult "Black checkmated"]
[WhiteElo "1364"]
[BlackElo "1512"]
[Opening "French defense"]
[ECO "C00"]
[NIC "FR.01"]
[Time "19:42:33"]
[TimeControl "180+0"]

1. e4 e6 2. Nc3 d5 3. exd5 exd5 4. d4 Nf6 5. Nf3 a6 6. h3 Bd6 7. Bd3 O-O 8.
O-O b5 9. Bg5 Bb7 10. Ne5 h6 11. Bh4 Be7 12. f4 Ne4 13. Bxe7 Qxe7 14. Qe2
Nxc3 15. bxc3 Qf6 16. Qg4 Bc8 17. Qg3 Nd7 18. Rae1 Kh8 19. Rf2 g6 20. Ref1
Rg8 21. Qf3 c6 22. Qe3 Nf8 23. g4 Qh4 24. Kh2 f6 25. Nf7+ Kg7 26. Qe7 Ne6
27. Ne5+ Kh8 28. Nxg6+ Rxg6 29. Bxg6 Ng7 30. Qf8# {Black checkmated} 1-0

[Event "ICCopen2016"]
[Site "Internet Chess Club"]
[Date "2016.06.03"]
[Round "5"]
[White "Nedwis"]
[Black "Creedence"]
[Result "0-1"]
[ICCResult "White checkmated"]
[WhiteElo "2913"]
[BlackElo "3146"]
[Opening "Four knights: Scotch, 4...exd4"]
[ECO "C47"]
[NIC "KP.06"]
[Time "19:42:31"]
[TimeControl "180+0"]

1. e4 e5 2. Nf3 Nc6 3. Nc3 Nf6 4. d4 exd4 5. Nxd4 Bc5 6. Nxc6 dxc6 7. Qxd8+
Kxd8 8. Bg5 Ke8 9. Bxf6 gxf6 10. Bc4 b5 11. Bd3 Be6 12. Ne2 a5 13. O-O a4
14. a3 Ke7 15. Rad1 Rhd8 16. h3 Bb6 17. g4 Rd6 18. Kg2 Rad8 19. Ng3 c5 20.
Be2 b4 21. Rxd6 Rxd6 22. Rd1 Rxd1 23. Bxd1 Ba5 24. Be2 c4 25. axb4 Bxb4 26.
c3 Bxc3 27. bxc3 a3 28. Bxc4 Bxc4 29. Nf5+ Kd7 30. Nd4 a2 31. Nc2 Bd3 32.
Na1 Bxe4+ 33. Kg3 Ke6 34. Kf4 Kd5 35. Ke3 Bg2 36. h4 Kc4 37. Kd2 Bh3 38. g5
fxg5 39. hxg5 Bf5 40. f3 c6 41. f4 c5 42. Kc1 Kxc3 43. g6 fxg6 44. Nc2 Bxc2
45. f5 a1=Q# {White checkmated} 0-1

[Event "ICCopen2016"]
[Site "Internet Chess Club"]
[Date "2016.06.03"]
[Round "5"]
[White "Kannayya"]
[Black "Grann"]
[Result "0-1"]
[ICCResult "White checkmated"]
[WhiteElo "1088"]
[BlackElo "1500"]
[Opening "King's Indian: Larsen variation"]
[ECO "E90"]
[NIC "KI.21"]
[Time "19:42:51"]
[TimeControl "180+0"]

1. d4 Nf6 2. Nf3 g6 3. c4 Bg7 4. Nc3 d6 5. e4 O-O 6. Be3 e5 7. d5 c6 8. Be2
cxd5 9. cxd5 a6 10. O-O Nbd7 11. Rc1 b5 12. a3 Ng4 13. Qd2 Nxe3 14. Qxe3 Nb6
15. Qd2 Rb8 16. Qe1 f5 17. exf5 gxf5 18. Bd3 e4 19. Bxe4 fxe4 20. Qxe4 Bf5
21. Qe3 Nc4 22. Qe2 Rc8 23. b3 Nxa3 24. Qa2 Rxc3 25. Rxc3 Bxc3 26. Qxa3 Be4
27. Qxa6 Bxf3 28. gxf3 Kh8 29. Qxb5 Qg5+ 30. Kh1 Rg8 31. Qc4 Qg2#
{White checkmated}
0-1

[Event "ICCopen2016"]
[Site "Internet Chess Club"]
[Date "2016.06.03"]
[Round "5"]
[White "DDT3000"]
[Black "Capitalist"]
[Result "1-0"]
[ICCResult "Black resigns"]
[WhiteElo "1909"]
[BlackElo "1331"]
[Opening "Ruy Lopez: classical defense, 4.c3"]
[ECO "C64"]
[NIC "RL.01"]
[Time "19:43:02"]
[TimeControl "180+0"]

1. e4 e5 2. Nf3 Nc6 3. Bb5 Bc5 4. c3 d6 5. O-O a6 6. Ba4 b5 7. Bc2 Bg4 8. d3
h6 9. Nbd2 Nge7 10. Re1 O-O 11. Nf1 f5 12. h3 Bxf3 13. Qxf3 f4 14. Nh2 Ng6
15. Qh5 Kh7 16. d4 Ba7 17. a4 b4 18. a5 Nh4 19. d5 Nb8 20. cxb4 f3 21. Ng4
fxg2 22. Ra3 Qe8 23. Qxh4 Qg6 24. Rg3 Nd7 25. Kxg2 h5 26. Bg5 Kg8 27. Nh6+
gxh6 28. Bf4 exf4 29. Rxg6+ Kh7 30. Qxh5 f3+ 31. Kf1 {Black resigns} 1-0